AoeStats
← King_Llanes CT

African Clearing

506725149Analyzed
3v3 RM · 18d ago on Sep 14, 2026· 19m 56s· 6 players
Game mode
Random Map
Map size
Normal (6 player)
Population
200
Speed
Normal
Resources
Standard
Victory
Conquest
Starting age
Dark Age
Ending age
Imperial Age
RankedLock teamsTeams togetherTeam positionsShared explorationLock speedFull tech treeHidden civsTurbo modeCheats
Victory
Defeat
🇪🇸 Tupi · Spain
1710
+17
🇪🇸 Shu · Spain
1661
+19
🇪🇸 Koreans · Spain
1608
+20
🇫🇷 Vietnamese · France
1744
-20
🇫🇷 Goths · France
1725
-19
🇩🇪 Inca · Germany
1682
-17
Tales de Paleto
7:28 Loom
12:55 Feudal Age
15:12 Fletching
King_Llanes CT
8:06 Loom
15:39 Feudal Age
16:41 Double-Bit Axe
17:52 Wheelbarrow
17:06 Town Watch
21:13 Castle Age
20:12 Fletching
RaldricDarko
12:08 Feudal Age
11:21 Loom
15:57 Castle Age
16:31 Double-Bit Axe
17:35 Fletching
billy bad beat
4:13 Loom
12:27 Feudal Age
12:57 Double-Bit Axe
12:47 Champi Runner
13:52 Town Watch
14:38 Arson
=)Svanhilde
13:04 Feudal Age
13:45 Double-Bit Axe
15:36 Wheelbarrow
17:28 Castle Age
17:52 Loom
18:40 Bow Saw
The Get Sum
3:14 Loom
13:38 Feudal Age
14:39 Double-Bit Axe
14:51 Stone Mining
15:07 Gold Mining
17:37 Castle Age
16:41 Horse Collar
17:05 Scale Mail Armor
Connection lost

Rejoining the realm…

Still unreachable

The connection could not be restored.

Session expired

The server has moved on; the page needs a fresh start.